 Dungeon Crawl Stone Soup version 0.31.0-4-g52a2dc7128 (webtiles) character file.

Game seed: 16789037341556752532

4573 tilp the Cleaver (level 10, 0/84 HPs)
             Began as a Minotaur Berserker on Jan 22, 2024.
             Was a High Priest of Trog.
             Succumbed to a hornet's poison
             ... while paralysed by a hornet
             ... on level 9 of the Dungeon.
             The game lasted 00:12:19 (9088 turns).

tilp the Cleaver (Minotaur Berserker)               Turns: 9088, Time: 00:12:19

Health: 0/84       AC: 10    Str: 26    XL:     10   Next: 18%
Magic:  9/9        EV:  2    Int: 10    God:    Trog [*****.]
Gold:   439        SH:  0    Dex: 13    Spells: 9/9 levels left

rFire   . . .        a - +1 hand axe (chaos)
rCold   . . .        E - orb {mayhem}
rNeg    . . .        h - +0 plate armour
rPois   .            o - +1 hat
rElec   .            K - +1 cloak
rCorr   .            (no gloves)
SInv    .            (no boots)
Will    .....        (no amulet) Stlth
                     n - ring "Diumieroz" {Int+6 Dex+3}
HPRegen 0.34/turn    (no ring)
MPRegen 0.11/turn

%: mayhem
@: paralysed, lethally poisoned (0 -> -11), corroded, slowed
A: horns 2, retaliatory headbutt
a: Renounce Religion, Berserk, Trog's Hand, Brothers in Arms


You were on level 9 of the Dungeon.
You worshipped Trog.
Trog was extremely pleased with you.
You visited 1 branch of the dungeon, and saw 9 of its levels.
You also visited: Sewer and Ossuary.

You collected 439 gold pieces.

Inventory:

Hand Weapons
 a - a +1 hand axe of chaos (weapon)
 s - a +1 vampiric hand axe
Missiles
 b - 121 stones
 i - 22 poisoned darts (quivered)
 j - a throwing net
 F - a boomerang
Armour
 h - a +0 plate armour (worn)
 o - a +1 hat (worn)
 E - an orb of mayhem (worn)
 K - a +1 cloak (worn)
Jewellery
 k - a ring of magical power
 n - the ring "Diumieroz" (left hand) {Int+6 Dex+3}
   (You found it on level 2 of the Dungeon)

   [ring of intelligence]

   Int+6:     It affects your intelligence (+6).
   Dex+3:     It affects your dexterity (+3).
 r - a ring of ice
 I - a +6 ring of strength
 O - a +6 ring of dexterity
Talismans
 A - a blade talisman
 L - a maw talisman
 N - a maw talisman
Wands
 G - a wand of paralysis (17)
 H - a wand of acid (7)
Scrolls
 d - 2 scrolls of poison
 p - 2 scrolls of brand weapon
 q - 2 scrolls of enchant weapon
 t - 3 scrolls of teleportation
 x - 5 scrolls of fog
 y - a scroll of summoning
 D - 2 scrolls of blinking
 J - a scroll of fear
Potions
 c - 2 potions of heal wounds
 e - a potion of lignification
 f - 3 potions of might
 g - 4 potions of magic
 l - 3 potions of haste
 m - 2 potions of curing
 u - a potion of cancellation {unknown}
 v - 4 potions of mutation
 w - 2 potions of berserk rage
 z - a potion of enlightenment {unknown}
 B - 2 potions of brilliance
 C - 2 potions of attraction {unknown}
 M - a potion of ambrosia {unknown}


   Skills:
 + Level 6.7 Fighting
 - Level 14.0 Axes
 + Level 2.2 Throwing
 + Level 3.7 Armour
 * Level 7.1 Dodging
 + Level 2.9 Stealth
 + Level 1.8 Evocations


You had 9 spell levels left.
You didn't know any spells.
Your spell library was empty.

Dungeon Overview and Level Annotations

Branches:
Dungeon (9/15)             Temple (0/1) D:5           Sewer (visited)
Ossuary (visited)
   Lair: D:8-11         Orc: D:9-12

Altars:
Dithmenos
Elyvilon
Gozag
Nemelex Xobeh
Sif Muna
Vehumet
Wu Jian
The Shining One

Shops:
D:4 (   D:5 *   D:6 [

Annotations:
D:8 2 transporters, dannycarnage's ghost, novice HOHu


Innate Abilities, Weirdness & Mutations

You have a pair of horns on your head.
You reflexively headbutt those who attack you in melee.


Message History

Unknown command.
You hit the hornet but do no damage.
You feel sick. The hornet stings you!
You suddenly lose the ability to move!
Your orc zombie misses the hornet.
You feel sick. The hornet stings you.
You shrug off the repeated paralysis!
The hornet stings you but does no damage.
The acid dragon bites you but does no damage.
The acid dragon claws you but does no damage.
You feel sick.
The hornet stings you but does no damage.
Your orc zombie barely misses the hornet.
The acid dragon spits acid at you. The splash of acid hits you!!
* * * LOW HITPOINT WARNING * * *
The acid corrodes you!
You hear an angry buzzing noise.
You hear a shout!
You can move again.
Okay, then.
You feel much better.
You feel sick.
The hornet stings you but does no damage.
Your orc zombie closely misses the hornet.
The hornet stings you!
* * * LOW HITPOINT WARNING * * *
You feel as though you will be slow longer.
The acid dragon closely misses you.
The acid dragon claws you but does no damage.
You feel sick.
The hornet barely misses your orc zombie.
The hornet stings your orc zombie. The acid dragon bites your orc zombie!
Your orc zombie is destroyed!
Unknown command.
Your ogre goes berserk!
You feel sick. The hornet stings you!
* * * LOW HITPOINT WARNING * * *
You feel as though you will be slow longer.
The acid dragon barely misses you. The acid dragon completely misses you.
The hornet stings you!
* * * LOW HITPOINT WARNING * * *
You are lethally poisoned!
You suddenly lose the ability to move!
You die...

#...#.....#####.....
#...#.....# #.......
#...#.....# #.#.....
#......# #+#.....
#...#### .....##. #
#...# .....##. #..
#...# .....##.
....#####...#
........
.......y@.###
#######. .......D..#
#. .......=O.# ..
..........# ##.
##.######## #. .. ..
. #.


You could see a hornet, an acid dragon (ally target) and a friendly ogre
(summoned, berserk).

Vanquished Creatures
  Sigmund (D:4)
  A wyvern (D:9)
  4 yaks (D:8)
  A steam dragon (D:8)
  Menkaure (D:6)
  An acid dragon (D:8)
  A water moccasin (D:8)
  Duvessa (D:5)
  5 black bears
  An orc warrior (D:8)
  6 ice beasts
  A sky beast (D:7)
  A crocodile (Sewer)
  A centaur (D:2)
  A phantom (D:5)
  A kobold brigand (D:6)
  2 bullfrogs
  2 scorpions
  2 burial acolytes (Ossuary)
  4 elf skeletons (D:4)
  Dowan (D:5)
  A howler monkey (D:4)
  A bombardier beetle (D:6)
  A hound (D:6)
  A jelly (D:6)
  4 orc priests
  A gnoll bouda (D:3)
  2 iguanas
  6 orc wizards
  Natasha (twice) (D:4)
  2 sleepcaps (D:7)
  4 mummies (Ossuary)
  Robin (D:4)
  8 gnolls
  9 adders
  A river rat (D:5)
  A shadow imp (D:8)
  6 ribbon worms
  23 orcs
  4 ball pythons
  8 endoplasms
  5 giant cockroaches
  8 hobgoblins
  15 jackals
  10 kobolds
  3 quokkas
  7 bats
  4 frilled lizards
  3 gnoll zombies (Ossuary)
  17 goblins
  3 kobold zombies (Ossuary)
  2 orc skeletons (D:4)
  2 orc zombies (Ossuary)
  6 rats
210 creatures vanquished.

Vanquished Creatures (collateral kills)
  A gnoll bouda (D:7)
  A gnoll (D:7)
  An orc (D:8)
  3 kobolds (D:6)
6 creatures vanquished.

Vanquished Creatures (others)
  2 orcs (D:6)
  An orc zombie (D:9)
3 creatures vanquished.

Grand Total: 219 creatures vanquished

Notes
Turn   | Place    | Note
-------+----------+-------------------------------------------
     0 | D:1      | tilp the Minotaur Berserker began the quest for the Orb.
     0 | D:1      | Reached XP level 1. HP: 19/19 MP: 0/0
   169 | D:1      | Reached XP level 2. HP: 26/27 MP: 1/1
   266 | D:1      | Reached skill level 4 in Axes
   350 | D:1      | Reached ** piety under Trog
   459 | D:1      | Reached XP level 3. HP: 29/33 MP: 2/2
   892 | D:2      | a ribbon worm changed into a centaur
   892 | D:2      | Noticed a centaur
   892 | D:2      | Killed a centaur
   893 | D:2      | Reached skill level 1 in Stealth
   893 | D:2      | Reached XP level 4. HP: 40/40 MP: 3/3
   897 | D:2      | Identified the ring "Diumieroz" {Int+6 Dex+3}
  1192 | D:2      | Reached XP level 5. HP: 41/46 MP: 4/4
  1226 | D:2      | Reached skill level 5 in Axes
  1620 | D:2      | Found a faded altar of an unknown god.
  1859 | D:3      | Found a white marble altar of Elyvilon.
  1931 | D:3      | Reached *** piety under Trog
  2114 | D:3      | Reached XP level 6. HP: 51/53 MP: 5/5
  2426 | D:3      | Found a glowing golden altar of the Shining One.
  2426 | D:3      | Found a radiant altar of Vehumet.
  2426 | D:3      | Found a sparkling altar of Nemelex Xobeh.
  2427 | D:3      | Found a shimmering blue altar of Sif Muna.
  2427 | D:3      | Found an opulent altar of Gozag.
  2438 | D:3      | Found a shadowy altar of Dithmenos.
  2439 | D:3      | Found an ornate altar of the Wu Jian Council.
  2708 | D:4      | Reached skill level 6 in Axes
  2770 | D:4      | Noticed Natasha
  2784 | D:4      | Killed Natasha
  2785 | D:4      | Reached skill level 5 in Dodging
  2795 | D:4      | Reached skill level 5 in Fighting
  2814 | D:4      | Reached XP level 7. HP: 41/61 MP: 6/6
  2959 | D:4      | Noticed Sigmund
  2973 | D:4      | Killed Sigmund
  2974 | D:4      | Reached skill level 7 in Axes
  2988 | D:4      | Noticed Robin
  3001 | D:4      | Killed Robin
  3003 | D:4      | Reached **** piety under Trog
  3044 | D:4      | Found a sand-covered staircase.
  3055 | D:4      | Reached skill level 8 in Axes
  3057 | Ossuary  | Entered an ossuary
  3123 | Ossuary  | Reached XP level 8. HP: 70/70 MP: 7/7
  3359 | D:4      | Reached skill level 9 in Axes
  3761 | D:4      | Noticed Natasha
  3766 | D:4      | Killed Natasha
  3812 | D:4      | Found a transporter.
  3812 | D:4      | Found Haixurghy's Antique Weapon Shoppe.
  3896 | D:4      | Found a transporter.
  4098 | D:5      | Entered Level 5 of the Dungeon
  4107 | D:5      | Reached skill level 10 in Axes
  4136 | D:5      | Reached skill level 11 in Axes
  4233 | D:5      | Found a staircase to the Ecumenical Temple.
  4545 | D:5      | Found a glowing drain.
  4552 | Sewer    | Entered a sewer
  4641 | Sewer    | Reached ***** piety under Trog
  4642 | Sewer    | Reached XP level 9. HP: 75/75 MP: 8/8
  4922 | D:5      | Reached skill level 12 in Axes
  4952 | D:5      | Found Ypni's Lightly-Used Armoury.
  5030 | D:5      | Noticed Duvessa
  5040 | D:5      | Killed Duvessa
  5040 | D:5      | Noticed Dowan
  5044 | D:5      | Killed Dowan
  5781 | D:6      | Noticed Menkaure
  5789 | D:6      | Killed Menkaure
  5790 | D:6      | Reached skill level 13 in Axes
  6078 | D:6      | Found Ventegh's Antique Armour Emporium.
  6479 | D:7      | Reached skill level 14 in Axes
  7276 | D:8      | Reached skill level 1 in Throwing
  7281 | D:8      | Reached skill level 1 in Evocations
  7594 | D:8      | Reached XP level 10. HP: 7/84 MP: 9/9
  7988 | D:8      | Found a transporter.
  8001 | D:8      | Found a transporter.
  8344 | D:8      | Noticed dannycarnage's ghost (novice HOHu)
  8358 | D:8      | Noticed a death knight
  8958 | D:9      | Identified the +8 plate armour of Howling Wind {Slay+3}
  9082 | D:9      | Paralysed by a hornet for 2 turns
  9087 | D:9      | HP: 3/84 [hornet (7)]
  9087 | D:9      | Paralysed by a hornet for 3 turns
  9088 | D:9      | Succumbed to a hornet's poison

Illustrated notes

Levels and vault maps discovered:
D:1:      scummos_arrival_simple_fountains, layout_basic, minmay_tetromino_o2
D:2:      layout_basic, serial_bayou, serial_bayou_shore_a, serial_bayou_ford_a,
          serial_bayou_lake_a, serial_bayou_lagoon_a,
          dreamdust_ecumenical_altar_grove, kennysheep_pointless_box,
          chequers_jeans, minivault_23
D:3:      layout_loops_corners, grunt_temple_overflow_open, elyvilon_altar_3,
          minmay_misc_feat_diagonals, nicolae_titane
D:4:      layout_loops_ring, nicolae_ossuary_entry_catacombs, serial_shops,
          nicolae_shop_drivethru, dk_noncrumbling_3, minmay_misc_feat_iff,
          uniq_robin, uniq_sigmund, uniq_natasha
D:5:      layout_basic, minmay_temple_entry_gardened_gates,
          lightli_sewer_entry_pipes, minmay_shop_damaged, uniq_duvessa
D:6:      layout_loops_ring, serial_shops, nicolae_shop_tiny_real_fake_doors,
          uniq_menkaure
D:7:      layout_basic, nrook_uturn
D:8:      layout_layer_cave, gammafunk_ghost_arena, minmay_tree_intersection,
          kennysheep_crisscross, minivault_24
D:9:      layout_basic, serial_park_tiny_2, minmay_bent

Skill      XL: |  1  2  3  4  5  6  7  8  9 10 |
---------------+-------------------------------+-----
Axes           | 4 5 6 8 11 14 | 14.0
Fighting       | 4 5 6 |  6.7
Dodging        | 3 4 5 6 7 |  7.1
Stealth        | 1 2 |  2.9
Throwing       | 1 2 |  2.2
Armour         | 3 |  3.7
Evocations     | 1 |  1.8

Action                     |  1- 3 |  4- 6 |  7- 9 | 10-12 || total
---------------------------+-------+-------+-------+-------++-------
  Melee: Hand axe          |    85 |    98 |   331 |    54 ||   568
         Headbutt          |     8 |    23 |    80 |    10 ||   121
         Punch             |       |       |     1 |       ||     1
 Invoke: Berserk           |       |     2 |     3 |       ||     5
         Brothers in Arms  |       |       |       |     1 ||     1
    Use: Scroll            |     2 |     7 |    12 |     1 ||    22
         Potion            |       |       |       |     1 ||     1
   Stab: Confused          |       |     1 |     1 |       ||     2
         Paralysed         |       |       |     1 |       ||     1
         Distracted        |       |       |       |     1 ||     1
 Armour: Ring mail         |    13 |       |       |       ||    13
         Animal skin       |     3 |       |       |       ||     3
         Plate armour      |    69 |   104 |   239 |    56 ||   468
  Dodge: Dodged            |    44 |    47 |   109 |    14 ||   214
